 Dungeon Crawl Stone Soup version 0.28-a0-1152-g9c71ebef14 (webtiles) character file.

Game seed: 15311961732278280622

5356 spaghetti the Fighter (level 10, -8/78 HPs)
             Began as an Octopode Delver on Dec 14, 2021.
             Mangled by Snorg (28 damage)
             ... on level 11 of the Dungeon.
             The game lasted 00:14:56 (10776 turns).

spaghetti the Fighter (Octopode Delver)            Turns: 10776, Time: 00:14:57

Health: -8/78      AC:  3    Str: 13    XL:     10   Next: 65%
Magic:  10/10      EV: 15    Int: 17    God:
Gold:   2371       SH:  0    Dex: 16    Spells: 9/9 levels left

rFire   + . .      SeeInvis .   a - +1 hand axe (spect) {axe}
rCold   . . .      Faith    .   (no shield)
rNeg    . . .      Spirit   .   (helmet restricted)
rPois   +          Reflect  .   (no amulet)
rElec   .          Harm     .   r - ring of protection from fire
rCorr   .          Rampage  .   (no ring)
Will    .....                   (no ring)
Stlth   ++++......              (no ring)
HPRegen 0.23/turn               (no ring)
MPRegen 0.12/turn               (no ring)
                                (no ring)
                                (no ring)

@: marked
A: almost no armour, amphibious, 8 rings, camouflage 1, gelatinous body 1,
(nimble swimmer 1), tentacles, iridescent scales 1, agile 1, poison resistance,
strong 1
a: no special abilities


You were on level 11 of the Dungeon.
You visited 2 branches of the dungeon, and saw 12 of its levels.

You collected 2421 gold pieces.
You spent 50 gold pieces at shops.


Innate Abilities, Weirdness & Mutations

You cannot wear most types of armour.
You are amphibious.
You can wear up to eight rings at the same time.
Your skin changes colour to match your surroundings (Stealth+).
Your rubbery body absorbs attacks. (AC +1, EV +1)
((You are camouflaged near water. (Stealth+)))
You have tentacles for arms and can constrict up to eight enemies at once.
You are partially covered in iridescent scales. (AC +2)
You are agile. (Dex +2)
Your system is resistant to poisons. (rPois)
Your muscles are strong. (Str +2)


   Skills:
 + Level 11.1 Fighting
 - Level 2.0 Axes
 + Level 10.1 Throwing
 + Level 5.3 Dodging
 - Level 6.6 Stealth


You had 9 spell levels left.
You didn't know any spells.
Your spell library contained the following spells:

 Spells                   Type           Power      Damage    Failure   Level
 Magic Dart               Conj           0%         1d3       24%         1
 Shock                    Conj/Air       0%         1d3       24%         1
 Blink                    Tloc           0%         N/A       34%         2
 Call Imp                 Summ           0%         N/A       34%         2
 Frozen Ramparts          Ice            0%         1d2       56%         3
 Gell's Gravitas          Tloc           0%         N/A       56%         3
 Inner Flame              Hex/Fire       0%         N/A       56%         3
 Mephitic Cloud           Conj/Pois/Air  0%         N/A       56%         3
 Swiftness                Air            0%         N/A       56%         3
 Teleport Other           Tloc           0%         N/A       56%         3
 Tukima's Dance           Hex            0%         N/A       56%         3
 Airstrike                Air            0%         N/A       93%         4
 Cause Fear               Hex            0%         N/A       93%         4
 Ice Form                 Ice/Tmut       0%         N/A       93%         4
 Passage of Golubria      Tloc           0%         N/A       93%         4
 Summon Ice Beast         Ice/Summ       0%         N/A       93%         4
 Fireball                 Conj/Fire      0%         3d3       100%        5
 Iskenderun's Battlesphe  Conj           0%         2d6       100%        5
 Manifold Assault         Tloc           0%         N/A       100%        5
 Yara's Violent Unravell  Hex/Tmut       0%         3d3       100%        5
 Conjure Ball Lightning   Conj/Air       0%         3x3d6     100%        6
 Dispersal                Tloc           0%         N/A       100%        6
 Orb of Destruction       Conj           0%         N/A       100%        7
 Storm Form               Tmut/Air       0%         N/A       100%        7
 Discord                  Hex            0%         N/A       100%        8

Inventory:

Hand Weapons
 a - a +1 spectral hand axe (weapon) {axe}
Missiles
 d - 11 boomerangs {throwing}
 g - 31 poisoned darts (quivered) {throwing}
 i - 241 arrows
 k - 81 bolts
 p - 178 stones {throwing}
 B - 6 silver javelins {throwing}
 E - 20 sling bullets
Armour
 t - a +1 hat
   (You found it on level 7 of the Dungeon)
 D - a +2 hat
   (You found it on level 7 of the Dungeon)
Magical Staves
 n - a staff of poison {!astaff}
   (You found it on level 3 of the Dungeon)
 q - a staff of cold {!astaff}
   (You found it on level 6 of the Dungeon)
 v - a staff of conjuration {!a@e2staff}
   (You found it on level 7 of the Dungeon)
Jewellery
 r - a ring of protection from fire (left tentacle)
   (You found it on level 1 of the Dungeon)
 C - an amulet of faith {!P}
   (You found it on level 7 of the Dungeon)
Wands
 f - a wand of digging (3)
 m - a wand of flame (33)
   (You took it off Ijyb on level 3 of the Dungeon)
 F - a wand of charming (11)
   (You found it on level 8 of the Dungeon)
 H - a wand of polymorph (13)
   (You found it on level 8 of the Dungeon)
Scrolls
 b - a scroll of fog
 c - 2 scrolls of magic mapping {!r}
 l - a scroll of enchant weapon
 s - a scroll of brand weapon
 u - 2 scrolls of amnesia
 x - a scroll of teleportation {@r4}
 y - 2 scrolls of immolation {!r!r}
 z - a scroll of enchant armour
 A - 2 scrolls of noise {!r}
 J - a scroll of identify {@r1}
Potions
 e - a potion of haste {@q3}
 h - 2 potions of lignification {!q}
 j - 3 potions of attraction {!q}
 w - a potion of magic
 K - a potion of curing {@q1}

Dungeon Overview and Level Annotations

Branches:
Dungeon (12/15)            Temple (1/1) D:4
   Lair: D:8-11         Orc: D:9-12

Altars:
Ashenzari
Dithmenos
Elyvilon
Fedhas
Hepliaklqana
Kikubaaqudgha
Makhleb
Nemelex Xobeh
Qazlal
Ru
Uskayaw
Vehumet
Wu Jian
Xom
Yredelemnul
Zin
The Shining One

Shops:
D:4 !

Annotations:
D:9 1 runed translucent door, siradein's ghost, novice TrFi
D:11 Snorg
D:12 3 runed translucent doors

###### #....#
#....# #§...#
#....# #.# #†...#
##.#. #....######
...°○###T@.......#
#.°.Y○YY####.....#
...#..○.# #.....#
......#.# #.....#
#.......# ##.....#
#.......# #.>.####
...#..#.# #...#
........###...#
..###.....#####


You could see Snorg (berserk) and 3 yaks.


Message History

No target in view!
A sourceless malevolence fills the Dungeon...
With a horrendous wail, an alarm goes off!
A sentinel's mark forms upon you.
You hear two shouts!
You hear a bellow! x2; You hear a shout! x5
p - 178 stones {throwing} (gained 20) 😎 HP[+1]
Your hp is fully restored (78).
Unknown command.
Found a stone staircase leading down.
There is a stone staircase leading down here.
A yak comes into view.
A yak is nearby!
A yak comes into view.
A two-headed ogre comes into view. It is wielding two +0 giant clubs.
You slash the yak! You squeeze the yak.
Your +1 spectral hand axe {axe} hits the yak.
The yak closely misses you.
You hit the yak.
Your +1 spectral hand axe {axe} hits the yak.
The yak gores you! 😕 HP[-11]
You take 11 damage, and now have 67/78 hp.
You hit the yak.
Your +1 spectral hand axe {axe} hits the yak.
The yak gores you! 😮 HP[-9]
You take 9 damage, and now have 58/78 hp.
You are too injured to fight recklessly!
You are too injured to fight recklessly!
You are too injured to fight recklessly!
You are too injured to fight recklessly!
You are too injured to fight recklessly!
You are too injured to fight recklessly!
You are too injured to fight recklessly!
You are too injured to fight recklessly!
You are too injured to fight recklessly!
You are too injured to fight recklessly!
You are too injured to fight recklessly!
You are too injured to fight recklessly!
You are too injured to fight recklessly!
You are too injured to fight recklessly!
You are too injured to fight recklessly!
You are too injured to fight recklessly!
You are too injured to fight recklessly!
You are too injured to fight recklessly!
Unknown command.
You hit the yak but do no damage.
Your +1 spectral hand axe {axe} hits the yak!
A yak comes into view.
The yak barely misses your +1 spectral hand axe {axe}. 😕 HP[+1]
You barely miss the yak. Your squeeze misses the yak.
Your +1 spectral hand axe {axe} hits the yak.
The yak gores your +1 spectral hand axe {axe}!
Your spectral weapon shares its damage with you!
Snorg goes berserk!
A boulder beetle comes into view.
Snorg rages. 😮 HP[-4]
You take 4 damage, and now have 55/78 hp.
Unknown command.
You hit Snorg. You squeeze Snorg. You hit the yak.
You kill the yak!
Your +1 spectral hand axe {axe} hits Snorg!
Snorg bites your +1 spectral hand axe {axe}.
Your spectral weapon shares its damage with you!
Snorg claws your +1 spectral hand axe {axe}!
Your spectral weapon shares its damage with you!
Snorg claws your +1 spectral hand axe {axe}.
Your spectral weapon shares its damage with you!
The boulder beetle curls into a ball and begins rolling! 😮 HP[-8]
You take 8 damage, and now have 47/78 hp.
Unknown command.
Unknown command.
You closely miss Snorg. You squeeze Snorg!
Your +1 spectral hand axe {axe} hits Snorg!
Snorg misses you. Snorg closely misses you. Snorg barely misses you.
Snorg bites you!!
* * * LOW HITPOINT WARNING * * *
Snorg barely misses you. Snorg closely misses you. 😨 HP[-23]
You take 23 damage, and now have 24/78 hp.
MASSIVE DAMAGE!! (PAUSE) Unknown command.
Unknown command.
Aiming: Charm
Press: ? - help, Shift-Dir - straight line, f - Snorg
Aim: Snorg (moderately wounded, berserk, ally target, chance to affect: 15%)
Okay, then.
Okay, then.
Unknown command.
You feel much better. Snorg barely misses you. Snorg claws you!
* * * LOW HITPOINT WARNING * * *
Snorg claws you!
* * * LOW HITPOINT WARNING * * *
A yak comes into view.
Snorg bites you!!
You die...

Skill      XL: |  1  2  3  4  5  6  7  8  9 10 |
---------------+-------------------------------+-----
Fighting       | 4 5 6 7 8 10 11 | 11.1
Throwing       | 1 2 4 6 7 9 10 | 10.1
Dodging        | 3 5 |  5.3
Axes           | |  2.0
Stealth        | |  6.6

Action                   |  1- 3 |  4- 6 |  7- 9 | 10-12 || total
-------------------------+-------+-------+-------+-------++-------
Melee: Hand axe          |    24 |    87 |   163 |    49 ||   323
       Constrict         |     7 |    17 |    41 |     4 ||    69
       Tentacles         |     8 |    19 |    32 |    14 ||    73
Throw: Dart              |       |       |    22 |       ||    22
Evoke: Wand              |       |     1 |     3 |     4 ||     8
  Use: Scroll            |     4 |     1 |     8 |     4 ||    17
       Potion            |     2 |     5 |     2 |     3 ||    12
 Stab: Sleeping          |     4 |    21 |    14 |     2 ||    41
       Distracted        |       |     1 |     2 |     3 ||     6
Armor: Skin              |       |     4 |    12 |     9 ||    25
Dodge: Dodged            |     5 |    44 |    99 |    68 ||   216

Levels and vault maps discovered:
D:1:      minmay_arrival_floating_metal, layout_rooms, serial_forest,
          infiniplex_forest_clump_long, infiniplex_forest_zigzag_1,
          infiniplex_forest_corner_2, infiniplex_forest_lined_ring,
          infiniplex_forest_clump_small, infiniplex_forest_straight_3,
          nicolae_figureground_sparkle
D:2:      layout_basic, chequers_hall_statues_wall_a, kennysheep_generic_room_11
D:3:      minmay_chambers_of_threes, layout_rooms, mainiacjoe_overflow_brackets,
          uniq_ijyb
D:4:      layout_loops_cross, minmay_temple_entry_antechambers, serial_shops,
          nicolae_shop_crystal, gup_sewer_entry_bowl, uniq_eustachio
D:5:      layout_basic, serial_shops, kennysheep_mini, gammafunk_ghost_split,
          corexii_corridor_pit, uniq_pikel, uniq_sigmund
D:6:      layout_loops_ring, nicolae_hepliaklqana_monster_ancestors,
          corexii_shack, minmay_misc_feat_ornament
D:7:      layout_loops_corners, kb_lookout_dungeons_type,
          uniq_crazy_yiuf_cottage
D:8:      layout_gridville, nicolae_overflow_hidden_temple, old_standard_altar,
          nrook_pool_corridor, minmay_misc_feat_square, uniq_maggie,
          uniq_prince_ribbit1
D:9:      nicolae_cairo_tiling_large, layout_gridville,
          nicolae_gozag_cash_rules_everything_around_me, david_orc_3,
          ebering_ghost_reflecting_pool, uniq_psyche, uniq_grum
D:11:     layout_stronghold, hangedman_abyss_or_decor_stabs, uniq_snorg
D:12:     layout_rooms, gammafunk_ghost_icy, enter_bailey_5
Temple:   eino_temple_lava

Notes
Turn   | Place    | Note
-------+----------+-------------------------------------------
     0 | D:5      | spaghetti the Octopode Delver began the quest for the Orb.
     0 | D:5      | Reached XP level 1. HP: 16/16 MP: 1/1
     0 | D:5      | magus.rc [v1.9.6]
   120 | D:5      | Noticed an ogre
   121 | D:5      | You add the spells Tukima's Dance, Passage of Golubria and
                  | Yara's Violent Unravelling to your library.
   153 | D:4      | You pick up a book of Air and begin reading...
   153 | D:4      | You add the spells Shock, Swiftness and Airstrike to your
                  | library.
   237 | D:3      | Reached XP level 2. HP: 21/21 MP: 2/2
   260 | D:3      | HP: 5/21 [poisoned by a kobold]
   261 | D:3      | HP: 2/21 [adder (3)]
   263 | D:3      | Reached skill level 4 in Fighting
   619 | D:3      | Reached XP level 3. HP: 23/27 MP: 3/3
   631 | D:3      | Found an ornate altar of the Wu Jian Council.
   667 | D:3      | Noticed Ijyb
   779 | D:3      | Killed Ijyb
   780 | D:3      | Reached skill level 1 in Throwing
   780 | D:3      | Reached XP level 4. HP: 20/34 MP: 4/4
  1027 | D:3      | Reached skill level 5 in Fighting
  1031 | D:3      | Reached skill level 2 in Throwing
  1031 | D:3      | Reached XP level 5. HP: 23/39 MP: 5/5
  1741 | D:2      | Gained mutation: Your system is resistant to poisons.
                  | (rPois) [potion of mutation]
  1741 | D:2      | Gained mutation: You are agile. (Dex +2) [potion of
                  | mutation]
  1906 | D:2      | You add the spells Blink, Manifold Assault and Storm Form
                  | to your library.
  1913 | D:2      | You pick up a book of Hexes and begin reading...
  1913 | D:2      | You add the spells Inner Flame, Cause Fear and Discord to
                  | your library.
  1975 | D:2      | HP: 9/39 [poisoned by an adder]
  2548 | D:2      | Reached XP level 6. HP: 40/46 MP: 6/6
  2912 | D:1      | Reached skill level 3 in Throwing
  3523 | D:4      | Noticed Eustachio
  3529 | D:4      | Killed Eustachio
  3530 | D:4      | Reached skill level 6 in Fighting
  3552 | D:4      | You pick up a book of Minor Magic and begin reading...
  3552 | D:4      | You add the spells Magic Dart, Call Imp and Mephitic Cloud
                  | to your library.
  3573 | D:4      | Reached skill level 4 in Throwing
  3573 | D:4      | Reached XP level 7. HP: 30/53 MP: 7/7
  3886 | D:4      | Found Hethosimi's Distillery.
  3894 | D:4      | Bought a potion of heal wounds for 50 gold pieces
  4051 | D:4      | Identified 2 scrolls of acquirement
  4051 | D:4      | Acquired 1201 gold pieces
  4095 | D:4      | Found a staircase to the Ecumenical Temple.
  4189 | Temple   | Entered the Ecumenical Temple
  4385 | D:4      | Acquired 939 gold pieces
  4680 | D:5      | Reached skill level 7 in Fighting
  4805 | D:5      | Noticed Pikel
  4818 | D:6      | Killed Pikel
  4819 | D:6      | Reached skill level 6 in Throwing
  4819 | D:6      | Reached XP level 8. HP: 60/61 MP: 8/8
  4930 | D:6      | Found a hazy altar of Hepliaklqana.
  5100 | D:6      | Reached skill level 8 in Fighting
  5590 | D:6      | Reached skill level 7 in Throwing
  5716 | D:6      | Lost mutation: You are agile. (Dex +2) [potion of mutation]
  5716 | D:6      | Gained mutation: Your muscles are strong. (Str +2) [potion
                  | of mutation]
  5716 | D:6      | Gained mutation: You are agile. (Dex +2) [potion of
                  | mutation]
  5716 | D:6      | Gained mutation: You are partially covered in iridescent
                  | scales. (AC +2) [potion of mutation]
  5854 | D:6      | HP: 13/52 [wight (13)]
  6270 | D:6      | Reached XP level 9. HP: 45/59 MP: 9/9
  6456 | D:7      | Reached skill level 9 in Fighting
  6830 | D:7      | Reached skill level 8 in Throwing
  7347 | D:7      | You pick up a book of the Spheres and begin reading...
  7347 | D:7      | You add the spells Iskenderun's Battlesphere, Fireball,
                  | Conjure Ball Lightning and Orb of Destruction to your
                  | library.
  7895 | D:7      | Found a runed translucent door.
  7896 | D:7      | Noticed Crazy Yiuf
  8129 | D:7      | Killed Crazy Yiuf
  8344 | D:8      | Noticed Prince Ribbit
  8351 | D:8      | Killed Prince Ribbit
  8352 | D:8      | Reached skill level 10 in Fighting
  8824 | D:8      | Noticed Maggie
  8842 | D:8      | Killed Maggie
  8843 | D:8      | Reached skill level 9 in Throwing
  8843 | D:8      | Reached skill level 3 in Dodging
  9070 | D:8      | Found a burning altar of Makhleb.
  9095 | D:8      | You pick up a book of Rime and begin reading...
  9095 | D:8      | You add the spells Frozen Ramparts, Ice Form and Summon Ice
                  | Beast to your library.
  9113 | D:8      | Reached XP level 10. HP: 77/77 MP: 10/10
  9915 | D:9      | Found a runed translucent door.
  9917 | D:9      | Noticed siradein's ghost (novice TrFi)
 10024 | D:9      | You fall into a shaft and drop 3 floors!
 10059 | D:12     | Noticed a boulder beetle
 10065 | D:12     | Killed a boulder beetle
 10066 | D:12     | Reached skill level 4 in Dodging
 10120 | D:12     | Reached skill level 11 in Fighting
 10123 | D:12     | You add the spells Gell's Gravitas, Teleport Other and
                  | Dispersal to your library.
 10189 | D:12     | Found a runed translucent gate.
 10189 | D:12     | Found a runed translucent gate.
 10189 | D:12     | Found a runed translucent gate.
 10482 | D:11     | HP: 19/78 [troll (9)]
 10487 | D:11     | Noticed Snorg
 10490 | D:11     | HP: 13/78 [troll (3)]
 10496 | D:11     | Reached skill level 10 in Throwing
 10496 | D:11     | Reached skill level 5 in Dodging
 10768 | D:11     | Noticed a two-headed ogre
 10773 | D:11     | Noticed a boulder beetle
 10776 | D:11     | Mangled by Snorg

Vanquished Creatures
  Pikel (D:6)
  Maggie (D:8)
  A slime creature (D:12)
  Prince Ribbit (D:8)
  A yak (D:11)
  Eustachio (D:4)
  2 ice beasts
  2 orc warriors
  2 ogres
  4 centaurs
  A phantom (D:4)
  2 bullfrogs
  3 scorpions
  5 killer bees (D:8)
  5 howler monkeys
  3 wights (D:6)
  An electric eel (D:8)
  A centaur zombie (D:8)
  Crazy Yiuf (D:7)
  4 hounds
  3 jellies
  5 orc priests
  An iguana (D:4)
  A centaur skeleton (D:7)
  Ijyb (D:3)
  7 orc wizards
  A killer bee zombie (D:7)
  8 gnolls
  6 adders
  2 shadow imps (D:7)
  An ufetubus (D:4)
  5 worms
  A dart slug (D:4)
  21 orcs
  6 ball pythons
  13 endoplasms
  4 giant cockroaches
  8 goblins
  9 hobgoblins
  2 quokkas (D:4)
  6 bats
  2 frilled lizards
  10 kobolds
  3 rats
  A spectral kobold (D:6)
169 creatures vanquished.

Vanquished Creatures (collateral kills)
  A boulder beetle (D:12)
  A troll (D:11)
  3 vampire mosquitoes (D:12)
  2 goblins (D:12)
7 creatures vanquished.

Vanquished Creatures (others)
  A bush (D:7)
  4 plants (D:6)
5 creatures vanquished.

Grand Total: 181 creatures vanquished

Table legend:
 A = Non-vault XP
 B = Vault XP
 C = Vault XP percentage of total XP
 D = Non-vault monster count
 E = Vault monster count
 F = Vault count percentage of total count
                 A         B        C        D         E       F
            +---------+---------+-------+---------+---------+-------
      Total |    5899 |    1753 |  22.9 |     147 |      29 |  16.5
            +---------+---------+-------+---------+---------+-------
        D:1 |      23 |       0 |   0.0 |      13 |       0 |   0.0
        D:2 |      89 |       2 |   2.2 |      23 |       1 |   4.2
        D:3 |     164 |      70 |  29.9 |      17 |      13 |  43.3
        D:4 |     301 |     211 |  41.2 |      15 |       5 |  25.0
        D:5 |     121 |       0 |   0.0 |       1 |       0 |   0.0
        D:6 |     814 |     655 |  44.6 |      16 |       4 |  20.0
        D:7 |     901 |     152 |  14.4 |      24 |       2 |   7.7
        D:8 |    1056 |     659 |  38.4 |      25 |       2 |   7.4
        D:9 |     112 |       0 |   0.0 |       1 |       0 |   0.0
       D:11 |     623 |       0 |   0.0 |       5 |       0 |   0.0
       D:12 |    1695 |       4 |   0.2 |       7 |       2 |  22.2
            +---------+---------+-------+---------+---------+-------

Illustrated notes

Table legend:
 A = Kills in this place as a percentage of kills in entire the game.
 B = Kills by you in this place as a percentage of kills by you in the entire game.
 C = Kills by friends in this place as a percentage of kills by friends in the entire game.
 D = Other kills in this place as a percentage of other kills in the entire game.
 E = Experience gained in this place as a percentage of experience gained in the entire game.
 F = Experience gained in this place divided by the number of levels of this place that you have seen.
                   A       B       C       D       E      F
               +-------+-------+-------+-------+-------+----------------------
         Total | 100.0 | 100.0 | 100.0 |   N/A | 100.0 | 637.7
       Dungeon | 100.0 | 100.0 | 100.0 |   N/A | 100.0 | 695.6
               +-------+-------+-------+-------+-------+----------------------

Table legend: (Time is in decaauts)
 A = Elapsed time spent in this place.
 B = Non-inter-level travel time spent in this place.
 C = Inter-level travel time spent in this place.
 D = Time resting spent in this place.
 E = Time spent auto-exploring this place.
 F = Levels seen in this place.
 G = Mean time per level.
                   A        B        C        D        E       F      G
               +--------+--------+--------+--------+--------+-----+--------+
         Total |  10840 |  10393 |    447 |   3303 |   5770 |  12 |  903.3 |
       Dungeon |  10767 |  10322 |    445 |   3303 |   5721 |  11 |  978.8 |
        Temple |     72 |     70 |      2 |      0 |     49 |   1 |   72.0 |
               +--------+--------+--------+--------+--------+-----+--------+

Top non-repeatable levels by time:
     D:7: 1775 daAuts
     D:8: 1662 daAuts
     D:6: 1534 daAuts
     D:3: 1468 daAuts
     D:4: 1168 daAuts
     D:2: 1165 daAuts
     D:1: 690 daAuts
    D:11: 583 daAuts
     D:5: 388 daAuts
    D:12: 173 daAuts
     D:9: 156 daAuts
  Temple: 72 daAuts
